Map: White Chamber

Players

Darius - Winner!

  • Race: Protoss Protoss
  • League: Gold
  • Spawn Location: 6:00

FunkyDanDog - Winner!

  • Race: Terran Terran
  • Spawn Location: 5:00

WeAreLegion - Winner!

  • Race: Terran Terran
  • League: Gold
  • Spawn Location: 5:00

TrumpEatsDik

  • Race: Terran Terran
  • Spawn Location: 11:00

TranzChrist

  • Race: Zerg Zerg
  • League: Master
  • Spawn Location: 12:00

Penguin

  • Race: Terran Terran
  • League: Silver
  • Spawn Location: 11:00

VOD

Have the link to the VOD?

Description

Time

  • Played on: Dec. 16, 2024, 12:04 a.m.
  • Length: 17:31
Show
View Real Time Build Order
Export as new Build Order

Darius Protoss - Winner!

Build Orders: Dark Templar Rush 

Get SALT Encoding   

  12  0:00  Probe  
  13  0:12  Probe  
  14  0:21  Pylon  
  14  0:24  Probe  
  15  0:39  Probe  
  15  0:42  Gateway  
  16  0:48  Assimilator  
  16  0:51  Probe  
  17  0:57  Assimilator  
  17  1:03  Probe  
  18  1:07  Pylon  
  18  1:11  Probe  
  19  1:19  Probe  
  20  1:26  Forge  
  20  1:27  Probe  
  21  1:35  Probe  
  22  1:40  Cybernetics Core  
  22  1:55  Probe  
  23  2:08  Photon Cannon  
  23  2:15  Pylon  
  23  2:20  Robotics Facility  
  23  2:24  Twilight Council  
  23  2:27  Warp Gate  
  22  2:47  Photon Cannon  
  22  2:55  Probe  
  23  3:01  Dark Shrine  
  23  3:08  Probe  
  23  3:09  Warp Prism  
  26  3:25  Gateway  
  26  3:31  Gateway  
  26  3:41  Gateway  
  26  3:50  Gateway  
  26  4:11  Pylon  
  26  4:15  Gateway  
  24  4:48  Nexus  
  24  4:50  Probe  
  24  4:53  Pylon  
  24  4:58  Observer, Probe  
  24  4:59  Blink  
  27  5:08  Probe  
  28  5:15  Photon Cannon  
  28  5:20  Probe  
  29  5:35  Photon Cannon  
  29  6:03  Probe  
  30  6:08  Nexus  
  30  6:15  Probe  
  30  6:16  Assimilator  
  31  6:19  Assimilator, Probe  
  32  6:27  Probe  
  32  6:32  Protoss Shields Level 1  
  33  6:35  Pylon  
  33  6:36  Probe  
  34  6:41  Stargate  
  34  6:44  Stargate  
  34  6:45  Probe  
  34  6:53  Pylon, Probe  
  35  6:56  Probe  
  37  7:03  Probe  
  38  7:08  Probe  
  39  7:20  Probe  
  40  7:25  Protoss Air Weapons Level 1, Cybernetics Core  
  44  7:33  Void Ray  
  44  7:36  Cybernetics Core, Void Ray  
  48  7:37  Probe  
  49  7:46  Probe  
  49  7:48  Probe  
  51  7:55  Probe  
  51  7:57  Probe  
  53  8:00  Probe  
  54  8:07  Probe  
  54  8:10  Protoss Air Armor Level 1  
  59  8:15  Void Ray  
  59  8:17  Protoss Shields Level 2  
  59  8:19  Void Ray  
  63  8:21  Fleet Beacon  
  63  8:49  Stargate  
  63  8:50  Stargate  
  63  8:53  Pylon  
  67  8:58  Void Ray  
  67  9:06  Stalker x2  
  67  9:07  Stalker x2  
  74  9:29  Stalker x2  
  74  9:31  Stalker  
  80  9:32  Sentry  
  80  9:37  Shield Battery  
  82  9:39  Shield Battery  
  82  9:44  Carrier  
  88  9:55  Assimilator, Probe  
  88  9:59  Assimilator  
  89  10:03  Probe  
  89  10:11  Protoss Air Weapons Level 2  
  89  10:12  Protoss Air Armor Level 2  
  89  10:13  Probe  
  91  10:25  Probe  
  59  11:05  Stalker x6  
  55  11:26  Carrier x2  
  67  11:47  Probe  
  68  11:55  Nexus  
  68  11:56  Protoss Shields Level 3  
  68  11:57  Pylon  
  68  11:59  Pylon, Probe  
  69  12:02  Templar Archives  
  69  12:03  Assimilator  
  69  12:07  Assimilator  
  69  12:11  Probe  
  69  12:13  Charge, Carrier  
  76  12:39  Psionic Storm  
  76  13:09  Protoss Air Weapons Level 3  
  76  13:12  Photon Cannon  
  76  13:14  Photon Cannon  
  76  13:16  Photon Cannon  
  76  13:18  Photon Cannon  
  76  13:20  Photon Cannon  
  76  13:22  Photon Cannon  
  76  13:24  Photon Cannon  
  75  13:27  Dark Templar x3  
  75  13:29  Dark Templar  
  75  13:30  Dark Templar  
  56  13:56  Dark Templar  
  52  14:02  Phoenix  
  52  14:03  Phoenix x3  
  29  14:36  Phoenix x3  
  33  14:39  Zealot  
  33  14:41  Zealot  
  33  14:42  Zealot  
  33  14:43  Zealot x3  
  44  14:47  Phoenix  
  42  15:10  Phoenix  
  42  15:14  Zealot x3  
  46  15:15  Zealot  
  46  15:17  Zealot  
  22  16:39  Zealot x4  
Show
View Real Time Build Order
Export as new Build Order

FunkyDanDog Terran - Winner!

Build Orders:  

Get SALT Encoding   

  12  0:01  SCV  
  13  0:22  Supply Depot  
  13  0:23  SCV  
  14  0:38  SCV  
  15  0:50  SCV  
  15  0:52  Supply Depot  
  16  1:00  Barracks  
  16  1:02  SCV  
  17  1:15  SCV, Refinery  
  18  1:35  SCV  
  19  1:47  SCV  
  20  2:03  Orbital Command  
  20  2:07  Barracks Reactor  
  20  2:20  Barracks  
  20  2:44  Marine x2  
  20  2:51  SCV  
  23  3:02  Marine x2  
  23  3:03  SCV  
  26  3:06  Refinery  
  26  3:10  Barracks  
  26  3:11  Barracks Tech Lab  
  26  3:15  SCV  
  26  3:16  Factory  
  27  3:24  Marine x2  
  29  3:27  SCV  
  30  3:39  SCV  
  31  3:44  Command Center, Stimpack  
  31  3:50  Supply Depot  
  31  4:01  Barracks Tech Lab  
  31  4:09  Factory Tech Lab  
  31  4:12  Marine x2  
  31  4:13  Supply Depot  
  33  4:29  Marine x2  
  35  4:31  SCV  
  35  4:35  Supply Depot  
  35  4:36  Marauder x2  
  40  4:42  Hellion  
  42  4:47  Marine  
  43  4:57  Supply Depot, Orbital Command, Marauder x2  
  47  5:06  Concussive Shells, Engineering Bay  
  47  5:16  Marine x2  
  47  5:19  Orbital Command, Supply Depot, Marauder x2  
  53  5:24  Combat Shield  
  53  5:34  Marine x2  
  55  5:38  Siege Tank  
  55  5:40  Marauder  
  60  5:48  SCV x2  
  62  5:52  Marine x2  
  64  6:00  SCV x2  
  66  6:09  Marine  
  66  6:10  Siege Tank  
  70  6:12  SCV x2  
  70  6:15  Supply Depot  
  72  6:24  SCV  
  73  6:35  Marauder x2  
  73  6:38  Supply Depot  
  73  6:39  Marine x2  
  79  6:42  Siege Tank  
  82  6:48  Terran Infantry Weapons Level 1  
  82  6:57  Marine x2, Marauder  
  82  7:00  Supply Depot  
  86  7:01  Armory  
  86  7:05  Refinery  
  86  7:10  Refinery  
  86  7:14  Marine  
  86  7:15  Marine  
  88  7:21  SCV x2  
  88  7:22  Supply Depot  
  90  7:32  Marine x2  
  90  7:33  SCV x2  
  94  7:45  SCV x2  
  94  7:46  Supply Depot  
  96  7:57  SCV  
  97  8:09  Supply Depot, SCV  
  98  8:23  Starport  
  98  8:31  Supply Depot  
  98  8:34  Terran Vehicle Weapons Level 1  
  98  8:42  Terran Infantry Armor Level 1  
  98  8:45  Marine x4  
  102  8:54  Supply Depot  
  102  9:02  Starport Reactor, Marine  
  102  9:03  Marine x3  
  106  9:12  Ghost Academy  
  106  9:19  Supply Depot  
  106  9:20  Marine x2  
  106  9:21  SCV, Marine x2  
  111  9:26  Siege Tank  
  114  9:34  SCV, Factory  
  114  9:38  Marine  
  115  9:39  Marauder x2  
  120  9:50  Command Center  
  120  9:51  Medivac  
  122  9:58  Siege Tank  
  125  10:00  Marauder  
  125  10:01  Marauder  
  129  10:09  Refinery  
  129  10:21  Ghost  
  129  10:22  Marauder  
  134  10:29  Terran Vehicle And Ship Armor Level 1  
  134  10:30  Siege Tank  
  137  10:36  Terran Infantry Weapons Level 2  
  137  10:42  Ghost  
  140  10:56  Factory Tech Lab  
  140  10:58  Medivac  
  140  10:59  Medivac  
  140  11:01  Refinery  
  140  11:02  Siege Tank  
  140  11:28  Medivac  
  140  11:29  Medivac  
  144  11:35  Siege Tank  
  83  12:07  Siege Tank  
  86  12:09  Marauder x2  
  86  12:10  Marine  
  86  12:11  Marine  
  92  12:16  Siege Tank  
  95  12:28  Marine x2  
  97  12:30  Marauder x2  
  97  12:38  SCV  
  97  12:39  Siege Tank  
  97  12:43  Supply Depot  
  101  12:46  Marine x2  
  101  12:48  Terran Vehicle Weapons Level 2, Siege Tank  
  101  12:50  SCV  
  107  12:52  Marauder x2, Terran Infantry Armor Level 2  
  111  13:04  Marine x2  
  113  13:06  Supply Depot  
  113  13:11  Siege Tank  
  113  13:12  Ghost  
  116  13:13  Marauder  
  116  13:15  Nuke  
  121  13:20  Siege Tank  
  124  13:29  Supply Depot  
  124  13:33  Ghost  
  98  13:41  Marine  
  99  13:51  Supply Depot  
  99  13:53  Command Center  
  99  13:57  Personal Cloaking  
  99  14:14  Supply Depot  
  99  14:47  Siege Tank x2  
  99  14:49  Ghost  
  99  14:50  Ghost  
  111  14:55  Medivac  
  113  15:08  Planetary Fortress  
  112  15:18  Marine x2  
  112  15:19  Siege Tank x2  
  77  15:36  Marine x2  
  74  16:28  Medivac x2  
  78  16:33  Marauder x2  
  78  16:34  Marine  
  78  16:35  Marine  
  78  16:37  Siege Tank  
  78  16:38  Siege Tank  
  73  16:52  Marine x2, Refinery  
  65  16:55  Marauder x2  
  64  17:10  Marine x2  
Show
View Real Time Build Order
Export as new Build Order

WeAreLegion Terran - Winner!

Build Orders:  

Get SALT Encoding   

  12  0:00  SCV  
  13  0:12  SCV  
  14  0:19  Supply Depot  
  14  0:24  SCV  
  15  0:41  SCV  
  15  0:42  Barracks  
  16  0:46  Refinery  
  16  0:53  SCV  
  16  0:56  Refinery  
  17  1:05  SCV  
  18  1:17  SCV  
  19  1:28  Barracks  
  19  1:30  Orbital Command  
  19  1:35  Reaper  
  20  1:46  Supply Depot  
  20  1:56  SCV  
  21  2:07  Factory  
  21  2:08  SCV  
  22  2:12  Reaper  
  23  2:20  SCV  
  24  2:22  Barracks Reactor  
  24  2:32  SCV  
  25  2:44  SCV, Reaper  
  27  2:56  SCV  
  27  2:57  Starport  
  28  3:01  Marine  
  28  3:02  Marine  
  30  3:08  SCV  
  31  3:15  Factory Tech Lab  
  31  3:17  Barracks Reactor  
  31  3:18  Command Center  
  31  3:19  Barracks Tech Lab  
  31  3:30  Supply Depot  
  31  3:32  Supply Depot  
  32  3:34  SCV  
  32  3:35  Engineering Bay  
  32  3:46  SCV  
  33  3:52  Factory Tech Lab  
  33  3:54  Marine  
  34  3:56  Marine x2  
  34  3:58  SCV  
  37  4:09  Terran Infantry Weapons Level 1  
  37  4:10  SCV  
  37  4:11  Marine  
  37  4:16  Supply Depot  
  39  4:17  Marine  
  39  4:22  SCV, Banshee  
  44  4:27  Cloaking Field  
  44  4:38  Orbital Command  
  44  4:39  SCV  
  44  4:44  Supply Depot  
  45  4:51  SCV  
  46  5:00  Missile Turret  
  46  5:10  SCV x2, Missile Turret  
  46  5:13  Marine x3  
  51  5:16  Missile Turret  
  51  5:18  Banshee  
  54  5:22  SCV x2  
  54  5:28  Supply Depot  
  56  5:37  Barracks  
  56  5:38  Barracks  
  56  5:43  Refinery  
  56  5:45  SCV x2  
  56  5:46  Refinery  
  60  5:57  SCV x2  
  60  6:20  SCV x2, Marine x2  
  60  6:21  Siege Tank  
  60  6:22  Medivac  
  60  6:23  Medivac  
  71  6:32  SCV  
  72  6:38  Marine x2  
  71  6:54  Siege Tank, Medivac x2  
  74  6:56  Marine, Marauder  
  74  6:59  Barracks Tech Lab  
  74  7:00  Barracks Reactor  
  81  7:14  Marine  
  82  7:17  Marine  
  83  7:24  SCV  
  83  7:25  SCV  
  83  7:26  Siege Tank  
  88  7:31  Marine  
  88  7:32  Command Center  
  88  7:36  SCV  
  91  7:37  SCV  
  91  7:49  SCV  
  92  7:52  SCV  
  92  7:54  Marine  
  94  8:03  Marine x4  
  94  8:04  SCV, Siege Tank  
  102  8:11  Supply Depot  
  102  8:13  Supply Depot  
  102  8:15  Supply Depot  
  102  8:16  Terran Infantry Armor Level 1  
  102  8:20  SCV x2, Liberator x2  
  110  8:33  SCV, Marine x3, Marauder x2  
  118  8:34  Supply Depot  
  118  8:36  Siege Tank  
  121  8:46  Armory  
  121  8:50  Engineering Bay  
  121  8:51  Marine x2  
  121  8:52  Marauder  
  121  8:54  Marauder x2  
  129  8:57  Supply Depot  
  129  9:03  Viking x2  
  129  9:09  Marine  
  134  9:17  Command Center  
  134  9:21  Supply Depot  
  134  9:32  Viking x2  
  138  9:42  Planetary Fortress  
  139  9:45  SCV x2  
  139  9:48  Marine x3  
  143  9:57  SCV  
  143  9:58  SCV  
  143  10:09  SCV  
  143  10:10  SCV  
  145  10:22  SCV  
  140  10:56  Viking x2  
  144  10:57  Marine x4  
  144  10:58  Thor, Marauder  
  156  11:18  Marine x4  
  156  11:19  Marine  
  161  11:26  Viking  
  163  11:36  Marauder  
  163  11:37  Marauder x2  
  131  11:41  Thor  
  112  11:52  Marine x2  
  110  11:57  Marine  
  110  11:58  Marine  
  110  11:59  Marauder  
  114  12:06  Factory  
  114  12:10  Ghost Academy  
  111  12:16  Marauder x2  
  111  12:20  Marine x2  
  111  12:21  Marauder  
  119  12:24  Thor  
  121  12:37  Marauder  
  121  12:40  Command Center  
  123  12:45  Marine x4  
  123  12:48  Liberator x2  
  133  12:58  Marine  
  133  13:04  Marauder x2  
  138  13:07  Thor, Command Center  
  144  13:24  Marine  
  128  14:06  Liberator x2  
  128  14:09  Ghost x2  
  128  14:10  Ghost  
  137  14:20  Thor  
  143  14:38  Ghost x3  
  152  14:48  Liberator  
  149  15:03  Thor  
  105  16:04  Marine x3  
  105  16:06  Siege Tank  
  105  16:08  Liberator  
  105  16:10  Marine x2  
  109  16:38  Siege Tank  
Show
View Real Time Build Order
Export as new Build Order

TrumpEatsDik Terran 

Build Orders: 2 Factory, Reaper Expand, Mech 

Get SALT Encoding   

  12  0:00  SCV  
  13  0:12  SCV  
  14  0:18  Supply Depot  
  14  0:25  SCV  
  15  0:39  SCV  
  15  0:40  Barracks  
  16  0:45  Refinery  
  16  0:51  SCV  
  17  1:03  SCV  
  18  1:15  SCV  
  19  1:27  Reaper  
  19  1:28  Orbital Command  
  20  1:44  Command Center  
  20  1:54  SCV  
  21  2:04  Factory  
  21  2:06  SCV  
  22  2:10  Supply Depot  
  22  2:14  Refinery  
  22  2:20  SCV  
  23  2:24  Barracks Reactor  
  23  2:32  SCV  
  25  2:44  SCV  
  25  2:53  Factory  
  25  2:56  SCV  
  28  3:01  Orbital Command, Engineering Bay  
  28  3:08  SCV  
  28  3:11  Factory  
  27  3:14  Hellion  
  27  3:18  Hellion  
  31  3:20  SCV  
  31  3:22  Barracks Tech Lab  
  33  3:27  SCV  
  33  3:32  SCV  
  34  3:35  Supply Depot  
  34  3:39  SCV, Refinery  
  35  3:47  SCV  
  36  3:51  SCV  
  36  3:53  Cyclone, Starport  
  40  3:56  Factory Tech Lab  
  40  4:05  SCV x2  
  40  4:09  Missile Turret  
  42  4:16  Supply Depot  
  42  4:17  Mag-Field Accelerator, SCV  
  42  4:18  SCV  
  44  4:30  SCV x2  
  46  4:31  Missile Turret  
  46  4:34  Cyclone  
  49  4:39  Viking  
  49  4:42  SCV x2  
  53  4:53  Cyclone  
  53  4:54  SCV x2  
  53  4:59  Supply Depot  
  58  5:06  SCV  
  59  5:09  SCV  
  59  5:13  Starport Reactor  
  60  5:18  SCV, Refinery  
  61  5:21  SCV  
  61  5:27  Command Center  
  62  5:30  SCV  
  62  5:33  SCV  
  62  5:34  Siege Tank  
  67  5:40  Supply Depot, Siege Tank  
  67  5:41  Supply Depot  
  70  5:48  Factory  
  70  6:01  Supply Depot, Infernal Pre-Igniter, SCV x2  
  70  6:03  Supply Depot  
  72  6:11  Factory  
  72  6:12  Factory  
  72  6:23  SCV x2  
  74  6:28  Armory  
  74  6:31  Armory  
  74  6:35  SCV  
  75  6:41  SCV, Viking x2  
  75  6:46  Factory Tech Lab  
  80  6:47  Orbital Command, SCV  
  80  6:53  SCV  
  82  6:55  Factory Tech Lab  
  82  6:59  SCV  
  82  7:00  Supply Depot  
  83  7:01  Supply Depot, Factory Tech Lab  
  83  7:07  Orbital Command  
  83  7:09  Siege Tank  
  83  7:10  Siege Tank  
  83  7:11  Siege Tank  
  83  7:13  Refinery x2  
  83  7:14  Supply Depot  
  92  7:16  SCV x2  
  94  7:28  SCV x2  
  96  7:32  Missile Turret  
  96  7:33  SCV  
  97  7:37  Drilling Claws  
  97  7:39  Terran Vehicle And Ship Armor Level 1, Terran Vehicle Weapons Level 1, Missile Turret  
  97  7:42  SCV x2  
  99  7:49  Siege Tank  
  102  7:54  Missile Turret  
  102  8:01  Missile Turret  
  102  8:02  Command Center  
  102  8:05  SCV  
  102  8:06  SCV x2  
  102  8:10  Hellion x2  
  112  8:12  Siege Tank  
  112  8:13  Siege Tank  
  112  8:18  SCV  
  116  8:23  Siege Tank  
  116  8:25  Siege Tank  
  116  8:27  Siege Tank  
  125  8:38  Supply Depot  
  125  8:41  Supply Depot  
  125  8:47  SCV x3  
  128  8:49  Siege Tank x2  
  128  8:50  Viking  
  136  9:02  Refinery  
  136  9:05  Refinery  
  134  9:20  Siege Tank x2, Viking  
  134  9:21  Viking  
  144  9:29  SCV x3  
  147  9:51  SCV x2  
  148  9:55  Planetary Fortress, Missile Turret  
  148  10:01  Hellion x2, Viking x2  
  156  10:14  SCV x3, Starport x2, Terran Vehicle And Ship Armor Level 2, Terran Vehicle Weapons Level 2  
  159  10:17  Starport  
  159  10:21  Siege Tank x2  
  165  10:36  Viking x2  
  141  11:04  Siege Tank x2  
  141  11:05  Siege Tank x2  
  141  11:06  Viking x2  
  141  11:10  Starport Reactor x3  
  157  11:12  Command Center  
  144  11:35  Siege Tank, Liberator  
  144  11:36  Siege Tank  
  153  11:58  Liberator x3  
  162  12:03  Supply Depot, Liberator  
  162  12:04  Supply Depot  
  162  12:06  Fusion Core  
  165  12:12  Armory  
  165  12:27  Neosteel Armor  
  165  12:47  Planetary Fortress  
  165  12:48  Missile Turret  
  165  13:15  Refinery  
  165  13:16  Refinery  
  165  13:21  Advanced Ballistics  
  165  13:25  Viking  
  165  13:26  Viking x5  
  177  13:27  Hellion  
  177  13:28  Hellion x3  
  185  13:38  Viking x2  
  185  13:55  Viking x2  
  185  13:56  Viking  
  185  13:57  Viking x2  
  190  14:21  Command Center  
  190  14:23  Refinery  
  190  14:29  Missile Turret  
  190  14:39  Viking x2  
  190  14:40  Viking  
  190  14:41  Terran Vehicle Weapons Level 3  
  190  14:42  Terran Vehicle And Ship Armor Level 3  
  196  14:50  Missile Turret  
  182  15:00  Command Center  
  182  15:02  Command Center  
  182  15:05  Command Center  
  182  15:07  Command Center  
  182  15:10  Missile Turret  
  182  15:24  Viking x3  
  182  15:25  Viking  
  182  15:27  Smart Servos  
  188  15:34  Missile Turret  
  182  15:51  Siege Tank x5  
Show
View Real Time Build Order
Export as new Build Order

TranzChrist Zerg 

Build Orders: Hatch First 

Get SALT Encoding   

  12  0:01  Drone  
  13  0:16  Drone  
  13  0:20  Overlord  
  14  0:45  Drone  
  14  0:46  Extractor  
  14  0:53  Hatchery  
  14  0:56  Drone x2  
  15  0:58  Drone  
  16  1:21  Drone x2  
  18  1:32  Drone  
  19  1:40  Spawning Pool  
  19  1:42  Drone  
  19  1:59  Drone  
  20  2:03  Hatchery  
  20  2:06  Drone x2  
  21  2:12  Drone  
  22  2:16  Drone  
  23  2:23  Drone  
  23  2:28  Drone  
  25  2:42  Queen  
  27  2:46  Spore Crawler, Queen  
  27  2:49  Spine Crawler  
  27  2:53  Spore Crawler  
  27  2:56  Spine Crawler, Drone  
  26  2:58  Drone  
  26  3:03  Metabolic Boost  
  27  3:08  Drone  
  27  3:11  Overlord  
  28  3:15  Drone  
  29  3:24  Drone x3  
  32  3:29  Queen  
  32  3:31  Drone  
  32  3:33  Drone  
  36  3:36  Drone  
  36  3:38  Drone  
  38  3:48  Zergling x8  
  42  3:54  Overlord  
  42  4:06  Extractor  
  42  4:07  Drone  
  42  4:16  Drone x3  
  45  4:20  Lair  
  45  4:22  Drone  
  45  4:23  Drone x4  
  50  4:26  Overlord  
  50  4:28  Overlord  
  50  4:37  Overlord  
  50  4:43  Spore Crawler  
  49  4:47  Spine Crawler  
  48  4:58  Drone x12  
  60  5:05  Drone x2  
  62  5:10  Overlord  
  62  5:16  Drone  
  62  5:17  Drone  
  62  5:18  Evolution Chamber  
  62  5:20  Evolution Chamber  
  62  5:36  Drone x2  
  62  5:37  Drone x9  
  73  5:49  Zerg Melee Weapons Level 1, Zerg Ground Armor Level 1  
  73  5:51  Hatchery  
  73  5:52  Hatchery, Baneling Nest  
  73  5:53  Hatchery  
  73  5:54  Drone  
  73  5:55  Drone, Infestation Pit  
  73  5:56  Drone  
  71  6:01  Extractor  
  71  6:03  Extractor  
  69  6:11  Zergling x2  
  69  6:12  Zergling x18  
  79  6:31  Hive  
  78  6:34  Overseer  
  77  6:49  Queen  
  77  7:00  Spore Crawler  
  73  7:06  Spore Crawler  
  72  7:09  Spore Crawler  
  71  7:17  Drone x17  
  71  7:19  Spire  
  87  7:33  Drone x11  
  98  7:49  Extractor  
  98  7:50  Drone x2  
  99  7:52  Extractor  
  98  8:12  Extractor  
  97  8:13  Drone x3, Extractor  
  99  8:20  Zerg Melee Weapons Level 2, Zerg Ground Armor Level 2  
  99  8:22  Ultralisk Cavern, Adrenal Glands  
  98  8:29  Hatchery  
  98  8:30  Hatchery  
  98  8:32  Hatchery  
  95  8:38  Queen  
  97  8:42  Overseer  
  97  8:44  Overseer  
  97  8:47  Centrifugal Hooks  
  97  8:49  Zerg Flyer Weapons Level 1  
  97  8:52  Infestor  
  99  8:57  Spore Crawler  
  99  8:59  Spore Crawler  
  99  9:00  Spine Crawler  
  96  9:06  Drone x3  
  96  9:08  Overlord x9  
  96  9:09  Overlord x3  
  99  9:12  Chitinous Plating  
  99  9:26  Queen, Ultralisk  
  99  9:28  Ultralisk x2  
  119  9:42  Drone x9  
  119  9:44  Hatchery, Extractor  
  126  9:45  Extractor  
  131  10:00  Ultralisk x3  
  131  10:04  Baneling x10  
  131  10:05  Baneling x2, Zergling x2  
  131  10:06  Zergling x4  
  146  10:29  Ultralisk x2  
  146  10:31  Overseer x3, Anabolic Synthesis  
  146  10:32  Pneumatized Carapace  
  158  10:43  Zerg Melee Weapons Level 3  
  158  10:47  Zergling x26  
  158  10:48  Zergling x10  
  176  10:54  Zerg Ground Armor Level 3  
  176  11:05  Overlord x3  
  176  11:06  Overlord x2  
  176  11:23  Zergling x2  
  176  11:24  Zergling x38  
  196  11:28  Baneling x6  
  196  11:29  Baneling  
  170  11:40  Ultralisk x2  
  164  11:50  Ultralisk  
  164  11:51  Ultralisk  
  156  11:58  Zergling x18  
  163  12:05  Ultralisk  
  153  12:19  Ultralisk x2  
  153  12:21  Ultralisk  
  171  12:28  Ultralisk  
  176  12:42  Infestor x4  
  176  12:43  Zergling x2  
  176  12:44  Zergling x18  
  194  13:01  Baneling x10  
  194  13:02  Baneling x4  
  194  13:03  Zergling x12  
  194  13:04  Hatchery, Overseer  
  199  13:10  Zergling x2  
  179  13:46  Zerg Flyer Weapons Level 2  
  177  14:00  Corruptor x11  
  200  14:24  Drone  
  200  14:32  Extractor  
  200  14:36  Extractor  
  124  15:30  Ultralisk x12  
  124  15:31  Ultralisk x2  
  194  15:50  Ultralisk  
  200  16:20  Hatchery  
Show
View Real Time Build Order
Export as new Build Order

Penguin Terran 

Build Orders:  

Get SALT Encoding   

  12  0:00  SCV  
  13  0:17  SCV  
  13  0:18  Supply Depot  
  14  0:29  SCV  
  15  0:42  Barracks  
  15  0:43  SCV  
  15  0:47  Refinery  
  16  0:55  SCV  
  17  1:07  SCV  
  18  1:19  SCV  
  19  1:30  Marine  
  19  1:31  Supply Depot  
  20  1:33  Orbital Command  
  20  1:47  Marine  
  21  1:58  SCV  
  21  1:59  Command Center  
  22  2:05  Marine  
  23  2:10  SCV  
  24  2:18  Barracks  
  24  2:23  Marine  
  24  2:25  SCV  
  26  2:33  Supply Depot  
  27  2:37  SCV  
  27  2:41  Marine  
  28  2:44  Barracks  
  28  2:51  Engineering Bay  
  28  2:59  Marine  
  29  3:12  Supply Depot  
  29  3:13  Orbital Command  
  29  3:16  Barracks Tech Lab, Marine  
  30  3:21  SCV  
  30  3:24  Refinery  
  31  3:33  SCV  
  32  3:34  Barracks Tech Lab  
  32  3:35  Barracks Reactor  
  32  3:41  Missile Turret x2  
  32  3:43  SCV  
  33  3:48  Missile Turret  
  33  3:50  Marine  
  33  3:55  SCV  
  35  3:59  SCV  
  36  4:07  Supply Depot, SCV  
  37  4:10  Missile Turret  
  37  4:11  SCV  
  37  4:14  Marine x2  
  37  4:17  Marine x2  
  40  4:19  SCV  
  40  4:23  SCV  
  44  4:31  SCV, Factory  
  44  4:32  Marine x2  
  44  4:36  SCV  
  48  4:39  Supply Depot  
  48  4:41  Marine x2  
  48  4:44  SCV  
  51  4:47  Supply Depot  
  51  4:49  SCV  
  52  4:56  SCV  
  52  4:57  Marine x2  
  52  4:58  Marine  
  56  5:01  SCV, Stimpack  
  56  5:02  Combat Shield  
  56  5:03  Marine  
  58  5:15  Marine  
  58  5:16  Starport  
  58  5:21  Factory Reactor  
  59  5:33  SCV x2  
  61  5:39  Supply Depot  
  61  5:42  Supply Depot  
  61  5:44  Engineering Bay  
  61  5:45  SCV, Marine x2  
  61  5:46  Marine x2, Armory  
  61  5:49  Terran Infantry Weapons Level 1  
  66  6:04  SCV x2, Refinery  
  66  6:10  Marine, Refinery  
  66  6:11  Marine x3  
  71  6:12  Factory Tech Lab  
  71  6:13  Supply Depot, Medivac x2  
  71  6:16  SCV x2  
  78  6:28  Marine x2  
  78  6:29  Marine  
  78  6:31  Command Center  
  78  6:32  Siege Tank  
  84  6:39  Terran Infantry Armor Level 1  
  82  6:51  SCV  
  83  7:03  SCV  
  84  7:13  Siege Tank  
  84  7:14  Viking  
  89  7:17  Marine x4  
  93  7:34  Marine  
  93  7:35  Marine x3  
  97  7:38  Barracks  
  97  7:39  Barracks  
  97  7:42  Supply Depot  
  97  7:45  Siege Tank  
  97  7:46  Missile Turret  
  97  7:47  Supply Depot  
  100  7:52  Marine  
  100  7:57  Orbital Command  
  101  7:59  SCV  
  101  8:00  SCV  
  101  8:04  Marine x3  
  106  8:08  Viking x2  
  106  8:10  Marine  
  106  8:11  SCV  
  106  8:12  SCV  
  113  8:16  Armory  
  113  8:18  Armory  
  113  8:20  Supply Depot  
  113  8:23  SCV  
  113  8:24  SCV, Marine x4  
  113  8:25  Supply Depot, Siege Tank  
  122  8:28  Marine  
  123  8:35  SCV  
  123  8:36  SCV  
  123  8:38  Barracks Reactor  
  125  8:43  Barracks Reactor  
  125  8:48  SCV x2, Concussive Shells  
  127  8:52  SCV  
  128  8:57  Siege Tank  
  128  9:00  SCV x2  
  133  9:13  Refinery  
  133  9:17  Refinery  
  133  9:24  Viking x2  
  133  9:25  Marine x3  
  133  9:26  Marine, Marauder x2  
  133  9:29  Marine x2  
  147  9:43  Marine x3  
  147  9:44  Marine  
  151  9:46  Marine  
  151  9:47  Marine, Marauder  
  151  9:48  Marauder  
  157  9:58  Command Center  
  157  10:02  Supply Depot  
  157  10:05  Supply Depot  
  157  10:06  Siege Tank, Marine x5  
  157  10:07  Marine, Terran Vehicle Weapons Level 1  
  165  10:09  Terran Vehicle And Ship Armor Level 1, Marauder x2  
  170  10:24  Marine x6  
  170  10:27  Supply Depot  
  176  10:30  Marine, Marauder  
  179  10:39  Siege Tank  
  182  10:48  Marine  
  183  10:51  Marine  
  183  10:52  SCV x2  
  183  10:53  SCV  
  187  10:58  Drilling Claws  
  187  11:04  SCV x2  
  187  11:05  SCV, Factory  
  190  11:14  Supply Depot  
  190  11:16  Supply Depot, SCV  
  190  11:17  SCV  
  190  11:18  Orbital Command, Supply Depot  
  179  11:44  Marine  
  179  11:45  Marine x7  
  176  11:51  Widow Mine  
  176  11:52  Medivac x2  
  166  11:57  Terran Infantry Weapons Level 2  
  166  11:58  Terran Infantry Armor Level 2  
  166  11:59  Terran Ship Weapons Level 1  
  166  12:02  Marine x3  
  166  12:03  Marine x5  
  174  12:12  Factory  
  174  12:13  Factory  
  174  12:14  Starport  
  176  12:17  Barracks  
  176  12:18  Barracks  
  176  12:20  Marine x8  
  176  12:22  Medivac x2  
  188  12:29  Siege Tank  
  189  12:38  Marine x8  
  189  12:43  Terran Vehicle Weapons Level 2  
  189  12:44  Fusion Core  
  197  12:45  Terran Vehicle And Ship Armor Level 2  
  197  12:51  Refinery  
  197  12:52  SCV, Refinery, Medivac  
  200  13:18  Smart Servos  
  200  13:21  Barracks Reactor x2  
  200  13:23  Factory Reactor, Factory Tech Lab  
  200  13:25  Starport Tech Lab  
  184  14:58  Caduceus Reactor  
  183  15:11  Factory Reactor  
  183  15:17  Starport x2  
  175  15:55  Advanced Ballistics  
  175  15:56  Marine  
  176  15:57  Marine x5  
  176  15:58  Marine x4, Marauder x2  
  176  16:03  Starport Reactor x2  
  189  16:06  Cloaking Field  
  189  16:12  Infernal Pre-Igniter  
  189  16:14  Marine x2  
  189  16:15  Marine x5  
  189  16:16  Marine x3  
  199  16:32  Marine  
Tags
 
Add a new tag
Caveats
  • Supply blocks, unpowered buildings, or Contaminate may cause inaccurate times.
  • Supply counts are checked every 10 seconds.